 Dungeon Crawl Stone Soup version 0.21.0-37-g46506fa (webtiles) character file.

795 ponchio the Skirmisher (level 7, -12/47 HPs)
             Began as a Gargoyle Fighter on Feb 1, 2018.
             Was a Follower of Elyvilon.
             Mangled by an ogre
             ... wielding a +0 giant club
              (28 damage)
             ... on level 5 of the Dungeon.
             The game lasted 00:25:01 (4634 turns).

ponchio the Skirmisher (Gargoyle Fighter)           Turns: 4634, Time: 00:25:02

Health: -12/47     AC: 10    Str: 20    XL:     7   Next: 89%
Magic:  8/10       EV:  8    Int:  8    God:    Elyvilon [*.....]
Gold:   333        SH:  9    Dex: 11    Spells: 6/6 levels left

rFire    . . .     SeeInvis .   p - -3 whip (curse)
rCold    + . .     Gourm    .   c - +0 shield
rNeg     + . .     Faith    .   i - +0 ring mail
rPois    ∞         Spirit   .   (no helmet)
rElec    +         Reflect  .   g - scarf {repulsion}
rCorr    +         Harm     .   (no gloves)
MR       .....                  (no boots)
Stlth    +.........             (no amulet)
HPRegen  0.15/turn              h - ring of resist corrosion
MPRegen  0.12/turn              m - ring of protection from cold

@: repel missiles
A: negative energy resistance 1, electricity resistance, unbreathing,
petrification resistance, rot immunity, AC +4
a: Lesser Healing, Divine Protection, Renounce Religion


You were on level 5 of the Dungeon.
You worshipped Elyvilon.
Elyvilon was aware of your devotion.
You were not hungry.

You visited 1 branch of the dungeon, and saw 5 of its levels.
You also visited: Ossuary.

You collected 333 gold pieces.

Inventory:

Hand Weapons
 a - a +0 flail
 e - a +1 mace of draining
 p - a cursed -3 whip (weapon)
Armour
 b - a +0 scale mail
 c - a +0 shield (worn)
 g - a scarf of repulsion (worn)
 i - a +0 ring mail (worn)
Jewellery
 h - a ring of resist corrosion (left hand)
 k - an uncursed amulet of magic regeneration {unknown}
 m - a ring of protection from cold (right hand)
Scrolls
 j - a scroll of amnesia
 o - a scroll of teleportation
Potions
 d - 2 potions of might
 l - a potion of flight
 q - a potion of degeneration {unknown}
 r - 2 potions of ambrosia
 u - 2 potions of magic {unknown}
 v - 2 potions of agility {unknown}
 w - a potion of haste {unknown}
Comestibles
 f - 6 rations


   Skills:
 + Level 6.5 Fighting
 + Level 5.5 Maces & Flails
 - Level 3.2 Armour
 - Level 3.2 Shields
 + Level 4.5 Invocations


You had 6 spell levels left.
You didn't know any spells.

Dungeon Overview and Level Annotations

Branches:
Dungeon (5/15)
 Temple: D:4-7

Altars:
Ashenzari
Elyvilon
Fedhas
Wu Jian


Innate Abilities, Weirdness & Mutations

You are resistant to torment.
Your stone body is resilient. (AC +4)
You are immune to poison.
You resist negative energy. (rN+)
You are resistant to electric shocks. (rElec)
You can survive without breathing.
You are immune to petrification.
You are immune to rotting.


Message History

* * * LOW HITPOINT WARNING * * *
You are healed.
You feel somewhat more hungry.
You are healed.
You feel somewhat more hungry. The ogre hits you but does no damage.
You hit the ogre.
The ogre is heavily wounded.
The ogre barely misses you.
Your shield prevents you from hitting the ogre.
The ogre is heavily wounded.
You block the ogre's attack.
You hit the ogre.
The ogre is severely wounded.
You hit the ogre but do no damage.
The ogre is severely wounded.
You block the ogre's attack.
You hit the ogre but do no damage.
The ogre is severely wounded.
The ogre hits you with a giant club!!
Ouch! That really hurt!
You die...

###############
#......[O@....#
......###########.#
..... #<# .... #†#
... #.# .( #.## .
######..#
..##.......#
...|....#..#


You could see an ogre.

Vanquished Creatures
  The ghost of nikopol the Magician, an amateur DEFE (D:3)
  2 elf zombies (D:4)
  An elf skeleton (D:4)
  3 water moccasin zombies (Ossuary)
  A scorpion (D:5)
  A human zombie (D:4)
  An orc wizard (D:1)
  A human skeleton (D:4)
  Terence (D:2)
  2 big kobold zombies (Ossuary)
  2 mummies (Ossuary)
  6 adders
  4 adder zombies (Ossuary)
  2 dart slugs
  A leopard gecko (D:1)
  4 orcs
  2 giant cockroaches (D:1)
  4 gnoll zombies (Ossuary)
  6 goblins
  9 hobgoblins
  6 jackals
  4 quokkas
  5 ball pythons
  6 bats
  3 frilled lizards
  3 hobgoblin zombies (Ossuary)
  A jackal skeleton (D:3)
  10 kobolds
  5 kobold zombies (Ossuary)
  An orc skeleton (D:4)
  3 orc zombies (Ossuary)
  5 rats
106 creatures vanquished.

Notes
Turn   | Place    | Note
-------+----------+-------------------------------------------
     0 | D:1      | ponchio the Gargoyle Fighter began the quest for the Orb.
     0 | D:1      | Reached XP level 1. HP: 14/14 MP: 1/1
   117 | D:1      | Reached XP level 2. HP: 19/19 MP: 2/2
   393 | D:1      | Reached XP level 3. HP: 17/24 MP: 3/3
   403 | D:1      | Reached skill level 4 in Fighting
   816 | D:1      | Reached XP level 4. HP: 11/30 MP: 4/4
  1103 | D:2      | Found a blossoming altar of Fedhas.
  1103 | D:2      | Found a shattered altar of Ashenzari.
  1108 | D:2      | Found a faded altar of an unknown god.
  1110 | D:2      | Found a faded altar of an unknown god.
  1111 | D:2      | Found a white marble altar of Elyvilon.
  1250 | D:2      | Became a worshipper of Elyvilon the Healer
  1360 | D:2      | Noticed Terence
  1376 | D:2      | Killed Terence
  1575 | D:2      | Reached XP level 5. HP: 28/34 MP: 5/5
  1691 | D:2      | Reached skill level 5 in Fighting
  2030 | D:3      | Noticed nikopol's ghost (amateur DEFE)
  2044 | D:3      | HP: 1/35 [nikopol's ghost/flame tongue (10)]
  2046 | D:3      | Killed nikopol's ghost
  2392 | D:3      | Found an ornate altar of the Wu Jian Council.
  2567 | D:3      | Reached XP level 6. HP: 40/40 MP: 6/6
  2577 | D:3      | Found a faded altar of an unknown god.
  2622 | D:3      | Reached * piety under Elyvilon
  3295 | D:4      | Reached skill level 1 in Invocations
  3326 | D:4      | Reached skill level 6 in Fighting
  3331 | D:4      | Found a sand-covered staircase.
  3338 | D:4      | Reached skill level 5 in Maces & Flails
  3338 | D:4      | Reached XP level 7. HP: 37/46 MP: 8/8
  3342 | Ossuary  | Entered an ossuary
  3970 | Ossuary  | Identified a scroll of acquirement
  4418 | D:5      | Entered Level 5 of the Dungeon
  4634 | D:5      | Mangled by an ogre

Skill      XL: |  1  2  3  4  5  6  7 |
---------------+----------------------+-----
Fighting       | 4 5 6 |  6.5
Maces & Flails | 3 4 5 |  5.5
Invocations    | 1 4 |  4.5
Armour         | |  3.2
Shields        | |  3.2

Action                   |  1- 3 |  4- 6 |  7- 9 || total
-------------------------+-------+-------+-------++-------
Melee: Flail             |    88 |   248 |   152 ||   488
       Mace              |       |    27 |       ||    27
       Whip              |       |       |    46 ||    46
Invok: Lesser Healing    |       |       |     2 ||     2
  Use: Scroll            |     2 |     4 |     5 ||    11
       Potion            |     1 |     1 |     3 ||     5
  Eat: Chunk             |       |     7 |       ||     7
       Ration            |       |       |     2 ||     2
Armor: Scale mail        |    29 |       |       ||    29
       Ring mail         |     8 |   117 |    60 ||   185
Dodge: Dodged            |    39 |    86 |    31 ||   156
Block: Shield            |    65 |   152 |    62 ||   279
